 Dungeon Crawl Stone Soup version 0.31-a0-521-gc7390f8997 (webtiles) character file.

Game seed: 3613569888101151537

3453 Duck the Mimic (level 9, -4/63 HPs)
             Began as a Felid Shapeshifter on Aug 10, 2023.
             Was an Initiate of Gozag.
             Slain by an orc warrior
             ... wielding a +0 war axe
              (9 damage)
             ... in a bailey.
             The game lasted 00:28:15 (8213 turns).

Duck the Mimic (Felid Shapeshifter)                 Turns: 8213, Time: 00:28:16

Health: -4/63      AC: 24    Str: 15    XL:     9   Next: 78%
Magic:  10/10      EV:  4    Int:  9    God:    Gozag
Gold:   148        SH:  5    Dex: 17    Spells: 8/8 levels left
                                        Lives:  0   Deaths: 2

rFire   + .          .
                       - Unarmed
rCold   + . .        (shield unavailable)
rNeg    . . .        (body armour unavailable)
rPois   +            (helmet unavailable)
rElec   +            (cloak unavailable)
rCorr   +            (gloves unavailable)
SInv    +            (boots unavailable)
Will    +....        r - amulet of reflection
Stlth   ++           (no ring)
HPRegen 0.30/turn    (no ring)
MPRegen 0.12/turn

%: reflection
@: mighty, brilliant, tree-form, resistant, gold aura, hasted, very quick
A: stationary, stasis, torment immunity, boosted hp, very small, (claws 1),
(fangs 3), see invisible, (speed 1), (shaggy fur 2), (stealthy paws), no weapons
or thrown items, no armour, multi-lived
a: Renounce Religion, Potion Petition, Call Merchant, Bribe Branch


You were in a bailey.
You worshipped Gozag.
Gozag was aware of your devotion.
You were a tree.
You visited 2 branches of the dungeon, and saw 9 of its levels.
You also visited: Bailey.

You collected 1665 gold pieces.
You spent 91 gold pieces at shops.
You paid 1426 gold pieces to Gozag.

Inventory:

Jewellery
 i - an amulet of faith
 r - an amulet of reflection (around neck)
Talismans
 b - a beast talisman
 c - a flux talisman
Wands
 l - a wand of mindburst (23)
 t - a wand of iceblast (9)
Scrolls
 d - 6 scrolls of teleportation
 g - 4 scrolls of enchant armour {unknown}
 j - 2 scrolls of poison
 k - a scroll of noise
 n - a scroll of silence {unknown}
 o - a scroll of blinking {unknown}
 p - 5 scrolls of identify
 q - a scroll of fog {unknown}
 u - a scroll of vulnerability {unknown}
Potions
 h - 2 potions of brilliance
 s - a potion of haste {unknown}


   Skills:
 + Level 6.8 Fighting
 - Level 7.3 Dodging
 + Level 7.5 Unarmed Combat
 * Level 9.5 Shapeshifting


You had 8 spell levels left.
You didn't know any spells.
Your spell library contained the following spells:

 Spells                   Type           Power      Damage    Failure   Level
 Necrotise                Necr           0%         1d4       38%         1
 Summon Small Mammal      Summ           0%         N/A       38%         1
 Scorch                   Fire           0%         2d5       52%         2
 Call Canine Familiar     Summ           0%         N/A       77%         3
 Gell's Gravitas          Tloc           0%         N/A       77%         3
 Ignite Poison            Fire/Tmut/Pois 0%         N/A       77%         3
 Inner Flame              Hex/Fire       0%         N/A       77%         3
 Summon Guardian Golem    Hex/Summ       0%         N/A       77%         3
 Teleport Other           Tloc           0%         N/A       77%         3
 Vampiric Draining        Necr           0%         2d6       77%         3
 Flame Wave               Conj/Fire      0%         2d4       99%         4
 Leda's Liquefaction      Hex/Erth       0%         N/A       99%         4
 Sticky Flame             Conj/Fire      0%         2d3       99%         4
 Summon Ice Beast         Ice/Summ       0%         N/A       99%         4
 Agony                    Necr           0%         N/A       100%        5
 Fireball                 Conj/Fire      0%         3d3       100%        5
 Summon Mana Viper        Hex/Summ       0%         N/A       100%        5
 Dispersal                Tloc           0%         N/A       100%        6
 Plasma Beam              Fire/Air       0%         2x1d10    100%        6
 Summon Cactus Giant      Summ           0%         N/A       100%        6
 Monstrous Menagerie      Summ           0%         N/A       100%        7
 Ignition                 Fire           0%         3d3       100%        8
 Portal Projectile        Hex/Tloc       Unusable   N/A       N/A         3

Dungeon Overview and Level Annotations

Branches:
Dungeon (8/15)             Temple (1/1) D:5            Lair (0/5) D:8
 Bailey (1/1)

Altars:
Ashenzari
Cheibriados
Dithmenos
Elyvilon
Fedhas
Gozag
Hepliaklqana
Kikubaaqudgha
Nemelex Xobeh
Okawaru
Qazlal
Ru
Trog
Uskayaw
Vehumet
Wu Jian
Xom
Yredelemnul
Zin

Shops:
D:2 ?   D:4 (   D:8 [   Temple !


Innate Abilities, Weirdness & Mutations

You are a tree.
Your roots penetrate the ground, keeping you stationary.
You cannot be teleported.
You are immune to unholy pain and torment.
Your maximum health is greatly increased.
((You have sharp claws.))
((You have razor-sharp teeth.))
You have supernaturally acute eyesight. (SInv)
((You cover ground quickly. (Speed+)))
((You are covered in thick fur. (AC +2)))
((Your paws help you pounce on unaware monsters.))
You are incapable of wielding weapons or throwing items.
You cannot wear armour.
You gain extra lives every three experience levels.


Message History

Aiming: Mindburst
Press: ? - help, Shift-Dir - straight line, f/p - orc warrior
Aim: an orc warrior, wielding a +0 war axe and wearing a +0 plate armour (heavily wounded, chance to affect: 64%)
The orc warrior struggles to resist.
Aiming: Mindburst
Press: ? - help, Shift-Dir - straight line, f/p - orc warrior
Aim: an orc warrior, wielding a +0 war axe and wearing a +0 plate armour (heavily wounded, chance to affect: 64%)
The orc warrior struggles to resist.
You hear a shout! x2
Unknown command.
Aiming: Mindburst
Press: ? - help, Shift-Dir - straight line, f/p - orc warrior
Aim: an orc warrior, wielding a +0 war axe and wearing a +0 plate armour (heavily wounded, chance to affect: 64%)
The orc warrior's mind is blasted!
You hear a shout!
An orc warrior comes into view. It is wielding a +0 war axe.
Aiming: Mindburst
Press: ? - help, Shift-Dir - straight line, f/p - orc warrior
Aim: an orc warrior, wielding a +0 war axe and wearing a +0 plate armour (almost dead, chance to affect: 64%)
The orc warrior struggles to resist.
An orc comes into view. It is wielding a +0 hand axe.
Aiming: Bolt of Light
Press: ? - help, Shift-Dir - straight line, f - orc warrior, p - orc warrior
Aim: an orc warrior, wielding a +0 war axe and wearing a +0 plate armour (71% to hit)
The bolt of light hits the orc warrior!
The orc warrior is heavily wounded.
The orc warrior is blinded.
The orc shouts!
The now-empty wand crumbles to dust.
Aiming: Iceblast
Press: ? - help, Shift-Dir - straight line, f/p - orc warrior
Aim: an orc warrior, wielding a +0 war axe and wearing a +0 plate armour (heavily wounded, blind)
The mass of ice explodes!
The iceblast engulfs the orc warrior!
The orc warrior is severely wounded.
The iceblast engulfs the orc.
The orc is heavily wounded.
You hear a shout! x2
The orc warrior hits you with a +0 war axe!
You die...
Your body crumbles into a pile of gold. $$$$$

#.........#
##.))....##
#.......#
##.....##
####'##
##....$##
#....$..#
##$..$$..##
#..$$♣$...#
#...$o$...#
#....$$.....#
##.$...$...##
#..o......#
##o......##
'.......#
.##...$.##


You could see 2 orc warriors and an orc.

Vanquished Creatures
  An orc knight (Bailey)
  Maggie (D:6)
  The ghost of ragingrage the Shooter, an amateur OpHu of Fedhas (D:5)
  Prince Ribbit (D:6)
  Sigmund (D:3)
  Eustachio (D:6)
  2 steam dragons
  2 water moccasins
  8 orc warriors
  3 sky beasts (D:7)
  An ogre (D:5)
  A centaur (D:7)
  A phantom (D:5)
  3 bullfrogs
  2 howler monkeys
  3 hounds
  A gnoll bouda (D:8)
  7 orc priests
  7 iguanas
  Ijyb (D:4)
  3 orc wizards
  Terence (D:3)
  7 adders
  4 gnolls
  An ufetubus (D:6)
  2 worms
  29 orcs
  6 ball pythons
  3 endoplasms (D:1)
  2 giant cockroaches
  21 goblins
  13 hobgoblins
  6 jackals
  3 quokkas
  13 bats
  3 frilled lizards
  8 rats
173 creatures vanquished.

Vanquished Creatures (others)
  An orc (D:6)
1 creature vanquished.

Grand Total: 174 creatures vanquished

Notes
Turn   | Place    | Note
-------+----------+-------------------------------------------
     0 | D:1      | Duck the Felid Shapeshifter began the quest for the Orb.
     0 | D:1      | Reached XP level 1. HP: 9/9 MP: 2/2
   148 | D:1      | Reached XP level 2. HP: 12/12 MP: 3/3
   803 | D:1      | Reached XP level 3. HP: 14/15 MP: 4/4
  1141 | D:1      | Identified a scroll of acquirement
  1141 | D:1      | Acquired 859 gold pieces
  1323 | D:2      | Found Othryp Fun's Magic Scroll Shop.
  1334 | D:2      | Bought a scroll of teleportation for 39 gold pieces
  1334 | D:2      | Bought a scroll of identify for 26 gold pieces
  1334 | D:2      | Bought a scroll of identify for 26 gold pieces
  1441 | D:2      | Found a faded altar of an unknown god.
  1653 | D:2      | Reached skill level 4 in Shapeshifting
  1828 | D:3      | Noticed Sigmund
  1835 | D:3      | Killed Sigmund
  1836 | D:3      | Reached XP level 4. HP: 20/20 MP: 5/5
  1836 | D:3      | Reached XP level 5. HP: 23/23 MP: 6/6
  1966 | D:3      | Found a broken altar of Ashenzari.
  2277 | D:3      | Gained mutation: You are covered in thick fur. (AC +2)
                  | [Felid growth]
  2277 | D:3      | Reached XP level 6. HP: 27/27 MP: 7/7
  2297 | D:3      | Noticed Terence
  2308 | D:3      | Killed Terence
  2861 | D:4      | Found a sacrificial altar of Ru.
  2873 | D:4      | Reached skill level 5 in Shapeshifting
  2918 | D:4      | Found an iron altar of Okawaru.
  3077 | D:4      | Found Qoprem's Firing Range.
  3077 | D:4      | Noticed Ijyb
  3184 | D:4      | HP: 1/28 [iguana (11)]
  3511 | D:4      | Blown up by Ijyb
  3512 | D:4      | Reached XP level 5. HP: -6/24 MP: 6/6
  3569 | D:4      | Killed Ijyb
  3716 | D:5      | Entered Level 5 of the Dungeon
  3716 | D:5      | Noticed an ogre
  3719 | D:5      | Found a transporter.
  3724 | D:5      | Killed an ogre
  3725 | D:5      | Reached skill level 5 in Dodging
  3725 | D:5      | Reached XP level 6. HP: 28/28 MP: 7/7
  3784 | D:5      | Found a staircase to the Ecumenical Temple.
  3845 | D:5      | HP: 1/28 [orc priest/divine providence (10)]
  4042 | D:5      | Noticed ragingrage's ghost (amateur OpHu)
  4053 | D:5      | Found a transporter.
  4092 | D:5      | Killed ragingrage's ghost
  4093 | D:5      | Reached XP level 7. HP: 29/31 MP: 8/8
  4100 | D:5      | Reached skill level 6 in Shapeshifting
  4200 | D:5      | Reached skill level 5 in Unarmed Combat
  4475 | Temple   | Entered the Ecumenical Temple
  4558 | Temple   | Became a worshipper of Gozag Ym Sagoz the Greedy
  4579 | D:6      | Noticed Prince Ribbit
  4583 | D:6      | Killed Prince Ribbit
  4619 | D:6      | Noticed Eustachio
  4627 | D:6      | Killed Eustachio
  4628 | D:6      | Reached XP level 8. HP: 22/36 MP: 9/9
  4726 | D:6      | HP: 1/36 [poisoned by a water moccasin]
  4728 | D:6      | Succumbed to a water moccasin's poison
  4729 | D:6      | Reached XP level 7. HP: 0/33 MP: 8/8
  4926 | D:6      | Noticed Maggie
  4935 | D:6      | Killed Maggie
  4936 | D:6      | Reached skill level 7 in Shapeshifting
  5077 | D:6      | Found a glowing silver altar of Zin.
  5188 | D:6      | Reached skill level 5 in Fighting
  5188 | D:6      | Reached XP level 8. HP: 32/37 MP: 9/9
  5820 | D:6      | Found a sparkling altar of Nemelex Xobeh.
  5936 | D:7      | Reached skill level 8 in Shapeshifting
  6181 | D:7      | Got Ysmeepp's Compilation of Causimancy
  6192 | D:7      | Found a hazy altar of Hepliaklqana.
  6194 | D:7      | Found a snail-covered altar of Cheibriados.
  6559 | D:7      | Reached XP level 9. HP: 6/41 MP: 10/10
  7383 | D:8      | Found a staircase to the Lair.
  7744 | D:8      | Found Arghuner's Armour Emporium.
  7748 | D:8      | Identified the +0 sling of the Enchanting Pariah {speed,
                  | MP+9 Int+2 Dex+2 Stlth+}
  7950 | D:8      | Reached skill level 9 in Shapeshifting
  8018 | D:8      | Found a flagged portal.
  8028 | Bailey   | Entered a bailey
  8154 | Bailey   | Noticed an orc knight
  8182 | Bailey   | Killed an orc knight
  8188 | Bailey   | HP: 2/63 [orc warrior/+0 war axe (10)]
  8213 | Bailey   | Slain by an orc warrior

Illustrated notes

Levels and vault maps discovered:
D:1:      dpeg_arrival_subterranean_lakeside_camping, layout_basic
D:2:      layout_loops_cross, serial_shops, shop, basic_ecumenical_altar
D:3:      layout_basic, nicolae_ashenzari_panopticon, uniq_terence, uniq_sigmund
D:4:      layout_rooms, kennysheep_okawaru_gauntlet,
          nicolae_ru_great_annihilating_truth, nicolae_shop_firing_range,
          uniq_ijyb
D:5:      layout_cave_pools, minmay_temple_entry_grid, gammafunk_ghost_arena
D:6:      layout_rooms, marbit_many_paths, lemuel_doored_altar,
          uniq_prince_ribbit1, uniq_maggie, uniq_eustachio
D:7:      layout_loops_corners, nicolae_overflow_hidden_temple
D:8:      layout_loops_corners, lemuel_blue_sif_altar, lair_entry_dummy,
          enter_bailey_6, nicolae_stop_n_shop_2, chequers_serial_rivers_large_b
Temple:   nicolae_temple_x_marks_the_god
Bailey:   bailey_axe_minmay_hex_keep, bailey

Skill      XL: |  1  2  3  4  5  6  7  8  9 |
---------------+----------------------------+-----
Dodging        | 3 4 5 7 |  7.3
Shapeshifting  | 4 5 7 8 9 |  9.5
Fighting       | 2 3 5 6 |  6.8
Unarmed Combat | 4 5 6 7 |  7.5

Action                     |  1- 3 |  4- 6 |  7- 9 || total
---------------------------+-------+-------+-------++-------
  Melee: Unarmed           |    80 |   149 |   299 ||   528
         Bite              |     4 |    18 |    42 ||    64
         Punch             |     3 |     1 |     1 ||     5
 Invoke: Call Merchant     |       |       |     1 ||     1
         Potion Petition   |       |       |     1 ||     1
  Evoke: Wand              |       |       |    20 ||    20
    Use: Scroll            |     4 |     4 |       ||     8
         Potion            |       |     1 |     9 ||    10
   Stab: Sleeping          |     6 |     2 |       ||     8
         Paralysed         |       |     1 |       ||     1
         Distracted        |       |       |     2 ||     2
         Invisible         |       |       |     1 ||     1
 Armour: Skin              |     3 |     5 |    37 ||    45
  Dodge: Dodged            |    63 |   122 |   208 ||   393
  Block: Other             |       |       |    36 ||    36
         Reflection        |       |       |     2 ||     2
         Form:             |     1 |       |       ||     1
         Beast             |     1 |       |       ||     1
         Flux              |       |       |     1 ||     1

Table legend: (Time is in decaauts)
 A = Elapsed time spent in this place.
 B = Non-inter-level travel time spent in this place.
 C = Inter-level travel time spent in this place.
 D = Time resting spent in this place.
 E = Time spent auto-exploring this place.
 F = Levels seen in this place.
 G = Mean time per level.
                   A        B        C        D        E       F      G
               +--------+--------+--------+--------+--------+-----+--------+
         Total |   7136 |   6917 |    219 |   1888 |   3434 |  10 |  713.6 |
       Dungeon |   6910 |   6703 |    207 |   1888 |   3434 |   8 |  863.8 |
        Temple |     74 |     62 |     12 |      0 |      0 |   1 |   74.0 |
        Bailey |    151 |    151 |      0 |      0 |      0 |   1 |  151.0 |
               +--------+--------+--------+--------+--------+-----+--------+

Top non-repeatable levels by time:
     D:7: 1362 daAuts
     D:3: 1119 daAuts
     D:6: 991 daAuts
     D:1: 946 daAuts
     D:5: 764 daAuts
     D:4: 611 daAuts
     D:8: 570 daAuts
     D:2: 546 daAuts
  Bailey: 151 daAuts
  Temple: 74 daAuts
